AoeStats
← 2684480386

Arabia

510605635Analyzed
1v1 RM · 1d ago on Oct 1, 2026· 38m 25s· 2 players
Game mode
Random Map
Map size
Tiny (2 player)
Population
200
Speed
Normal
Resources
Standard
Victory
Conquest
Starting age
Dark Age
Ending age
Imperial Age
RankedLock teamsTeams togetherTeam positionsShared explorationLock speedFull tech treeHidden civsTurbo modeCheats
Victory
Defeat
🇨🇿 Berbers · Czechia
770
+15
🇨🇳 Sicilians · China
749
-29
2684480386
7:48 Loom
11:19 Feudal Age
15:08 Fletching
brutarys
9:03 Loom
11:07 Feudal Age
12:06 Double-Bit Axe
12:02 Horse Collar
20:11 Castle Age
20:57 Forging
23:33 Heavy Plow
31:36 Bloodlines
35:43 Husbandry
36:24 Iron Casting
35:55 Scale Barding Armor
Connection lost

Rejoining the realm…

Still unreachable

The connection could not be restored.

Session expired

The server has moved on; the page needs a fresh start.